 Dungeon Crawl Stone Soup version 0.25-a0-448-g1f46b9f714 (webtiles) character file.

Game seed: 2690524826392743240, levelgen mode: deterministic

25 thepandapuncher the Shooter (level 2, 0/24 HPs)
             Began as a Centaur Hunter on Jan 31, 2020.
             Slain by a goblin (3 damage)
             ... on level 1 of the Dungeon.
             The game lasted 00:03:24 (560 turns).

thepandapuncher the Shooter (Centaur Hunter)         Turns: 560, Time: 00:03:25

Health: 0/24       AC:  4    Str: 14    XL:     2   Next: 86%
Magic:  2/2        EV:  9    Int: 10    God:
Gold:   37         SH:  0    Dex:  9    Spells: 1/1 levels left

rFire    . . .     SeeInvis .   a - +1 shortbow
rCold    . . .     Gourm    .   (shield currently unavailable)
rNeg     . . .     Faith    .   c - +0 leather armour
rPois    .         Spirit   .   (no helmet)
rElec    .         Reflect  .   (no cloak)
rCorr    .         Harm     .   (no gloves)
MR       .....                  (no barding)
Stlth    +.........             (no amulet)
HPRegen  0.08/turn              (no ring)
MPRegen  0.08/turn              (no ring)

@: very quick
A: large, hooves 3, deformed body, speed 2, tough skin 3
a: no special abilities


You were on level 1 of the Dungeon.
You were not hungry.

You visited 1 branch of the dungeon, and saw 1 of its levels.

You collected 37 gold pieces.

Inventory:

Hand Weapons
 a - a +1 shortbow (weapon)
 b - a +0 short sword
 j - a +0 hunting sling
Missiles
 d - 13 arrows (quivered)
 k - 17 stones
Armour
 c - a +0 leather armour (worn)
 i - a cursed +0 ring mail
Scrolls
 h - a scroll of fog {unknown}
 l - 2 scrolls of remove curse {unknown}
 m - a scroll of blinking {unknown}
Potions
 e - a potion of might {unknown}
 g - 2 potions of curing {unknown}
Comestibles
 f - a ration


   Skills:
 + Level 2.0 Fighting
 + Level 6.2 Bows
 + Level 0.2 Armour
 + Level 1.5 Dodging
 + Level 0.4 Stealth


You had one spell level left.
You didn't know any spells.
Your spell library was empty.

Dungeon Overview and Level Annotations

Branches:
Dungeon (1/15)

Altars:


Innate Abilities, Weirdness & Mutations

You have hooves in place of feet.
Armour fits poorly on your strangely shaped body.
You cover ground very quickly.
You have extremely tough skin. (AC +3)


Message History

You clumsily bash the goblin but do no damage.
Your kick misses the goblin. The goblin barely misses you.
You clumsily bash the goblin but do no damage.
Your kick misses the goblin. The goblin closely misses you.
The goblin hits you.
You closely miss the goblin. Your kick misses the goblin. The goblin hits you.
You clumsily bash the goblin but do no damage.
The goblin hits you. x2
* * * LOW HITPOINT WARNING * * *
You clumsily bash the goblin but do no damage.
The goblin closely misses you.
You clumsily bash the goblin but do no damage.
The goblin hits you.
* * * LOW HITPOINT WARNING * * *
The goblin hits you but does no damage.
You closely miss the goblin. The goblin hits you.
* * * LOW HITPOINT WARNING * * *
You clumsily bash the goblin but do no damage.
Your kick misses the goblin. The goblin misses you. The goblin hits you.
You die...

.##.#.###.#.#.#.####.#.#
.##..................#.#
......###.#.#.#.######.#
..#.####.......>.......#
..#....##.#.#.#.#.#######
..#.##.##.#.##.#..#.. .#
..#.# ........#..#.##.#
###.## #########..#....#
...... .....).@g.(#..#
..##### #######..#.#..#
......# #..#.#..# ....#.
#..#.#..# ....# #..#.#..#
....# .^.#.#..#
.#..#############.#...##
##..#.......... ..###
#..#'#########


You could see a goblin.

Vanquished Creatures
  A dart slug (D:1)
  2 goblins (D:1)
  4 hobgoblins (D:1)
  2 jackals (D:1)
  A kobold (D:1)
  6 bats (D:1)
  2 frilled lizards (D:1)
  4 rats (D:1)
22 creatures vanquished.

Notes
Turn   | Place    | Note
-------+----------+-------------------------------------------
     0 | D:1      | thepandapuncher the Centaur Hunter began the quest for the
                  | Orb.
     0 | D:1      | Reached XP level 1. HP: 17/17 MP: 1/1
   148 | D:1      | Reached XP level 2. HP: 12/24 MP: 2/2
   270 | D:1      | Reached skill level 6 in Bows
   560 | D:1      | Slain by a goblin

Levels and vault maps discovered:
D:1:      erik_arrival_blinker_ship, layout_basic, st_stairs_9,
          minmay_misc_feat_x, minmay_distorted

Skill      XL: |  1  2 |
---------------+-------+-----
Bows           | 6 |  6.2
Fighting       | |  2.0
Armour         | |  0.2
Dodging        | |  1.5
Stealth        | |  0.4

Action                   || total
-------------------------++-------
Melee: Shortbow          ||    71
       Kick              ||    15
 Fire: Shortbow          ||    41
Armor: Leather armour    ||    77
Dodge: Dodged            ||   122

Table legend:
 A = Non-vault XP
 B = Vault XP
 C = Vault XP percentage of total XP
 D = Non-vault monster count
 E = Vault monster count
 F = Vault count percentage of total count
                 A         B        C        D         E       F
            +---------+---------+-------+---------+---------+-------
      Total |      31 |       6 |  16.2 |      19 |       3 |  13.6
            +---------+---------+-------+---------+---------+-------
        D:1 |      31 |       6 |  16.2 |      19 |       3 |  13.6
            +---------+---------+-------+---------+---------+-------
